 Dungeon Crawl Stone Soup version 0.30-a0-279-g4b46babb21 (webtiles) character file.

Game seed: 13634536538694740314

137 SmokeWeed the Slasher (level 5, -2/39 HPs)
             Began as a Merfolk Gladiator on Oct 16, 2022.
             Slain by an iguana (5 damage)
             ... on level 5 of the Dungeon.
             The game lasted 00:14:20 (2378 turns).

SmokeWeed the Slasher (Merfolk Gladiator)           Turns: 2378, Time: 00:14:21

Health: -2/39      AC:  7    Str: 16    XL:     5   Next: 20%
Magic:  5/5        EV: 11    Int:  7    God:
Gold:   99         SH:  7    Dex: 16    Spells: 4/4 levels left

rFire   . . .      SeeInvis .    a - +0 long sword
rCold   . . .      Faith    .    e - +0 kite shield
rNeg    . . .      Spirit   .    h - +0 ring mail
rPois   .          Reflect  .    c - +0 helmet
rElec   .          Harm     .    (no cloak)
rCorr   .          Rampage  .    (no gloves)
Will    .....                    q - +0 pair of boots
Stlth   +.........               (no amulet)
HPRegen 0.26/turn                (no ring)
MPRegen 0.09/turn                (no ring)

@: no status effects
A: (nimble swimmer 2), mertail
a: no special abilities


You were on level 5 of the Dungeon.
You visited 1 branch of the dungeon, and saw 5 of its levels.

You collected 99 gold pieces.

Inventory:

Hand Weapons
 a - a +0 long sword (weapon)
 d - a +3 dagger of venom
Missiles
 n - 6 javelins (quivered)
 o - a throwing net
Armour
 b - a +0 leather armour
 c - a +0 helmet (worn)
 e - a +0 kite shield (worn)
 h - a +0 ring mail (worn)
 q - a +0 pair of boots (worn)
Jewellery
 f - an amulet of regeneration
Wands
 g - a wand of polymorph (4)
 s - a wand of digging (4)
Scrolls
 k - 4 scrolls of blinking
 r - a scroll of fog {unknown}
Potions
 i - 2 potions of curing
 j - a potion of might {unknown}
 l - 2 potions of lignification
 m - 2 potions of attraction
 p - 2 potions of haste {unknown}


   Skills:
 + Level 2.6 Fighting
 + Level 5.1 Long Blades
 + Level 2.2 Throwing
 + Level 1.3 Armour
 + Level 4.8 Dodging
 + Level 0.9 Stealth
 + Level 0.5 Shields


You had 4 spell levels left.
You didn't know any spells.
Your spell library contained the following spells:

 Spells                   Type           Power      Damage    Failure   Level
 Foxfire                  Conj/Fire      0%         2x1d4     97%         1
 Ignite Poison            Fire/Tmut/Pois 0%         N/A       100%        3
 Kindle Blastsparks       Fire/Tloc/Air  0%         2d10      100%        3
 Fireball                 Conj/Fire      0%         3d3       100%        5
 Freezing Cloud           Conj/Ice/Air   0%         6-21      100%        5
 Starburst                Conj/Fire      0%         6d3       100%        6


Dungeon Overview and Level Annotations

Branches:
Dungeon (5/15)
 Temple: D:4-7

Altars:

Annotations:
D:2 Sigmund


Innate Abilities, Weirdness & Mutations

((You are very nimble when in or above water. (Stealth+, EV+, Speed+++)))
Your lower body shifts to a powerful aquatic tail in water.


Message History

The orc hits you but does no damage. You block the orc's attack.
The orc hits you but does no damage. The orc closely misses you.
You slash the orc!
You kill the orc!
The orc shouts!
The iguana barely misses you. You block the orc's attack.
You block the iguana's attack.
You hit the orc.
The orc is severely wounded.
You block the orc's attack.
The iguana bites you but does no damage.
You slash the orc!
You kill the orc!
You block the iguana's attack.
You hit the iguana but do no damage. The iguana bites you!
The iguana closely misses you.
A necrophage comes into view.
You closely miss the orc. The orc closely misses you.
The iguana bites you but does no damage.
You hit the orc.
The orc is severely wounded.
The orc barely misses you.
The iguana bites you but does no damage.
You slash the orc!
You kill the orc!
The iguana bites you!
The iguana hisses menacingly.
The iguana bites you!
* * * LOW HITPOINT WARNING * * *
You closely miss the iguana. You block the iguana's attack.
You barely miss the iguana. The iguana bites you.
* * * LOW HITPOINT WARNING * * *
You closely miss the iguana. You block the iguana's attack.
The necrophage hits you but does no damage.
You block the iguana's attack. The necrophage hits you.
* * * LOW HITPOINT WARNING * * *
You hit the iguana.
The iguana is lightly wounded.
The necrophage closely misses you. The iguana bites you.
You die...

...............
...............
.....(.........
...............
...............
.......:.......
#.....l.n......
#.....)@)......
#......).......
..##...........
##..........
##.........
##.......[
###......
.#P.P#


You could see a necrophage and an iguana.

Vanquished Creatures
  Jessica (D:2)
  Robin (D:2)
  2 adders (D:2)
  2 dart slugs (D:3)
  8 orcs
  6 bats
  3 endoplasms
  2 giant cockroaches
  15 goblins
  3 hobgoblins (D:2)
  5 kobolds
  2 quokkas
  6 ball pythons
  3 frilled lizards
  7 rats
66 creatures vanquished.

Vanquished Creatures (others)
  9 demonic plants (D:2)
  7 fungi (D:2)
  8 plants (D:2)
  A withered plant (D:2)
25 creatures vanquished.

Grand Total: 91 creatures vanquished

Notes
Turn   | Place    | Note
-------+----------+-------------------------------------------
     0 | D:1      | SmokeWeed the Merfolk Gladiator began the quest for the
                  | Orb.
     0 | D:1      | Reached XP level 1. HP: 16/16 MP: 1/1
   160 | D:1      | Reached XP level 2. HP: 22/22 MP: 2/2
   523 | D:1      | Reached skill level 4 in Long Blades
   761 | D:2      | Reached XP level 3. HP: 21/27 MP: 3/3
   762 | D:2      | Noticed Robin
   807 | D:2      | Killed Robin
   808 | D:2      | HP: 1/28 [goblin/+0 dagger[Robin] (5)]
   955 | D:2      | Found a faded altar of an unknown god.
   963 | D:2      | Noticed Sigmund
  1003 | D:2      | Reached XP level 4. HP: 34/34 MP: 4/4
  1086 | D:2      | Reached skill level 1 in Armour
  1259 | D:2      | Noticed Jessica
  1468 | D:2      | Killed Jessica
  1469 | D:2      | Reached skill level 5 in Long Blades
  1730 | D:3      | Reached XP level 5. HP: 39/39 MP: 5/5
  2365 | D:5      | Entered Level 5 of the Dungeon
  2378 | D:5      | Slain by an iguana

Illustrated notes

Levels and vault maps discovered:
D:1:      denvon_arrival_waterhouse, layout_loops_cross
D:2:      layout_loops_cross, shapermc_ecumenical_altar_gd, grunt_ministairs_12,
          uniq_robin, uniq_jessica, uniq_sigmund
D:3:      layout_basic
D:4:      layout_cave_pools
D:5:      kennysheep_spiral_hall, layout_layer_cave, fedhas_altar_decomposition

Skill      XL: |  1  2  3  4 |
---------------+-------------+-----
Long Blades    | 4 5 |  5.1
Armour         | 1 |  1.3
Fighting       | |  2.6
Throwing       | |  2.2
Dodging        | |  4.8
Stealth        | |  0.9
Shields        | |  0.5

Action                   |  1- 3 |  4- 6 || total
-------------------------+-------+-------++-------
Melee: Long sword        |   110 |    94 ||   204
Throw: Throwing net      |     3 |     2 ||     5
       Javelin           |     1 |       ||     1
       Stone             |       |    21 ||    21
  Use: Potion            |     1 |       ||     1
       Scroll            |       |     5 ||     5
 Stab: Held in net/web   |     1 |     1 ||     2
Armor: Ring mail         |    38 |    35 ||    73
       Leather armour    |     2 |       ||     2
       Skin              |    15 |       ||    15
Dodge: Dodged            |    69 |    53 ||   122
Block: Kite shield       |       |    41 ||    41

Table legend: (Time is in decaauts)
 A = Elapsed time spent in this place.
 B = Non-inter-level travel time spent in this place.
 C = Inter-level travel time spent in this place.
 D = Time resting spent in this place.
 E = Time spent auto-exploring this place.
 F = Levels seen in this place.
 G = Mean time per level.
                   A        B        C        D        E       F      G
               +--------+--------+--------+--------+--------+-----+--------+
         Total |   2433 |   2328 |    105 |    114 |   1644 |   5 |  486.6 |
       Dungeon |   2433 |   2328 |    105 |    114 |   1644 |   5 |  486.6 |
               +--------+--------+--------+--------+--------+-----+--------+

Top non-repeatable levels by time:
     D:2: 826 daAuts
     D:3: 810 daAuts
     D:1: 735 daAuts
     D:4: 44 daAuts
     D:5: 17 daAuts
